 Dungeon Crawl Stone Soup version 0.26.0-10-g1f06aea511 (webtiles) character file.

Game seed: 5544646622584577218

2256 Borgoz the Skirmisher (level 9, -13/85 HPs)
             Began as a Gargoyle Berserker on Jan 18, 2021.
             Was an Elder of Trog.
             Mangled by a two-headed ogre
             ... wielding a +0 giant club
              (18 damage)
             ... on level 7 of the Dungeon.
             The game lasted 00:08:36 (6334 turns).

Borgoz the Skirmisher (Gargoyle Berserker)          Turns: 6334, Time: 00:08:37

Health: -13/85     AC: 15    Str: 20    XL:     9   Next: 37%
Magic:  9/9        EV: 14    Int:  9    God:    Trog [****..]
Gold:   282        SH:  0    Dex: 12    Spells: 8/8 levels left

rFire    . . .     SeeInvis .   u - +1 flail
rCold    + . .     Faith    .   (no shield)
rNeg     + . .     Spirit   .   i - +0 troll leather armour {Purgy}
rPois    ∞         Reflect  .   y - +0 helmet
rElec    +         Harm     .   o - +0 cloak
rCorr    .         Rampage  .   (no gloves)
Will     .....                  l - +0 pair of boots
Stlth    ..........             B - amulet of the acrobat
HPRegen  0.64/turn              m - ring of protection from cold
MPRegen  0.11/turn              (no ring)

@: berserking (expiring), very quick
A: negative energy resistance 1, electricity resistance, unbreathing,
petrification resistance, miasma immunity, AC +6
a: Renounce Religion, Berserk, Trog's Hand, Brothers in Arms


You were on level 7 of the Dungeon.
You worshipped Trog.
Trog was greatly pleased with you.
You visited 2 branches of the dungeon, and saw 8 of its levels.
You also visited: Sewer.

You collected 282 gold pieces.

Inventory:

Hand Weapons
 u - a +1 flail (weapon)
Armour
 i - a +0 troll leather armour (worn) {Purgy}
 l - a +0 pair of boots (worn)
 o - a +0 cloak (worn)
 y - a +0 helmet (worn)
Jewellery
 c - an uncursed ring of ice
 j - an uncursed ring of flight
 m - a ring of protection from cold (left hand)
 n - an uncursed ring of ice
 A - an uncursed ring of fire
 B - an amulet of the acrobat (around neck)
Wands
 f - a wand of iceblast (10)
Scrolls
 g - 2 scrolls of magic mapping {unknown}
 h - 5 scrolls of teleportation
 k - 2 scrolls of remove curse
 p - 2 scrolls of enchant armour
 s - a scroll of torment {unknown}
 v - a scroll of blinking {unknown}
 x - 3 scrolls of fog {unknown}
Potions
 a - 3 potions of heal wounds
 b - 2 potions of might
 d - a potion of invisibility
 e - 7 potions of curing {unknown}
 q - a potion of magic
 r - 2 potions of berserk rage
 t - a potion of resistance
 w - 3 potions of flight {unknown}


   Skills:
 + Level 7.4 Fighting
 + Level 6.8 Maces & Flails
 + Level 7.0 Armour
 + Level 5.2 Dodging


You had 8 spell levels left.
You didn't know any spells.
Your spell library was empty.

Dungeon Overview and Level Annotations

Branches:
Dungeon (7/15)             Temple (1/1) D:6           Sewer (visited)

Altars:
Ashenzari
Cheibriados
Dithmenos
Elyvilon
Fedhas
Gozag
Hepliaklqana
Kikubaaqudgha
Makhleb
Okawaru
Qazlal
Sif Muna
Trog
Uskayaw
Vehumet
Wu Jian
Xom
Yredelemnul
Zin
The Shining One
Lugonu

Portals:
Abyss: D:5


Innate Abilities, Weirdness & Mutations

You are resistant to torment.
Your stone body is resilient. (AC +6)
You are immune to poison.
You resist negative energy. (rN+)
You are resistant to electric shocks. (rElec)
You can survive without breathing.
You are immune to petrification.
You are immune to miasma.


Message History

You barely miss the two-headed ogre.
The two-headed ogre is moderately wounded.
You barely miss the two-headed ogre.
The two-headed ogre is moderately wounded.
The two-headed ogre hits you but does no damage.
The two-headed ogre hits you with a +0 giant club!
You hit the two-headed ogre but do no damage.
The two-headed ogre is moderately wounded.
You sock the two-headed ogre!
The two-headed ogre is heavily wounded.
The two-headed ogre hits you with a +0 giant club!!
* * * LOW HITPOINT WARNING * * *
The two-headed ogre hits you with a +0 giant club.
* * * LOW HITPOINT WARNING * * *
You sock the two-headed ogre!
The two-headed ogre is severely wounded.
You barely miss the two-headed ogre.
The two-headed ogre is severely wounded.
The two-headed ogre hits you with a +0 giant club!!
You die...

......# #####.#
#####.#### ###
#........# # ...
#.###.##.## #.
...
#.###.#...###.#
#.# ...........#
#.###.#
#.#####...##
#..O# #.#
##.#######@.#
..# #..........#
###
#.########......
##'## ##....
##...## ..##
##.....## ... #
##.......## .#.
####.........#
.#
...+.........+


You could see a two-headed ogre.

Vanquished Creatures
  A hornet (D:7)
  Sigmund (D:2)
  Menkaure (D:5)
  Purgy (Sewer)
  An ogre (D:5)
  A big kobold (D:7)
  3 bullfrogs
  3 scorpions
  5 wights (D:6)
  A howler monkey (D:4)
  2 bullfrog zombies
  A centaur zombie (D:5)
  2 hounds (D:4)
  A jelly (D:5)
  3 orc wizards
  3 orc priests
  Jessica (D:4)
  Natasha (thrice) (D:2)
  An iguana (D:3)
  8 worker ants
  2 hound skeletons
  A worker ant zombie (D:6)
  A howler monkey zombie (D:5)
  7 adders
  2 white imps (D:7)
  2 ufetubi (D:7)
  An ooze (D:2)
  2 worms
  2 dart slugs
  10 leopard geckos
  20 orcs
  2 bats
  6 giant cockroaches
  4 hobgoblins
  8 jackals
  18 kobolds
  5 quokkas
  4 ball pythons (D:2)
  3 frilled lizards
  2 gnoll zombies (D:4)
  8 goblins
  6 rats
  A lurking horror (D:5)
160 creatures vanquished.

Notes
Turn   | Place    | Note
-------+----------+-------------------------------------------
     0 | D:1      | Borgoz the Gargoyle Berserker began the quest for the Orb.
     0 | D:1      | Reached XP level 1. HP: 14/14 MP: 1/1
   228 | D:1      | Reached XP level 2. HP: 16/19 MP: 2/2
   813 | D:2      | Noticed Natasha
   818 | D:2      | Killed Natasha
   819 | D:2      | Reached XP level 3. HP: 24/24 MP: 3/3
  1005 | D:2      | Noticed Sigmund
  1024 | D:2      | Killed Sigmund
  1025 | D:2      | Reached XP level 4. HP: 15/30 MP: 4/4
  1025 | D:2      | Reached XP level 5. HP: 17/34 MP: 5/5
  1272 | D:2      | Reached XP level 6. HP: 34/39 MP: 6/6
  1480 | D:2      | Noticed Natasha
  1488 | D:2      | Killed Natasha
  1488 | D:2      | Reached ** piety under Trog
  1501 | D:2      | Noticed Natasha
  1510 | D:2      | Killed Natasha
  2700 | D:3      | Reached skill level 5 in Fighting
  3057 | D:4      | Reached XP level 7. HP: 44/44 MP: 7/7
  3115 | D:4      | Found a basalt altar of Yredelemnul.
  3154 | D:4      | Reached *** piety under Trog
  3282 | D:4      | Found a burning altar of Makhleb.
  3328 | D:4      | Noticed Jessica
  3335 | D:4      | Found a shimmering blue altar of Sif Muna.
  3353 | D:4      | Killed Jessica
  3777 | D:4      | Found an opulent altar of Gozag.
  4020 | D:5      | Entered Level 5 of the Dungeon
  4048 | D:5      | Reached skill level 5 in Maces & Flails
  4071 | D:5      | Found a glowing drain.
  4110 | D:5      | Reached skill level 5 in Armour
  4119 | D:5      | Noticed Menkaure
  4136 | D:5      | Killed Menkaure
  4137 | D:5      | Reached XP level 8. HP: 46/51 MP: 8/8
  4147 | Sewer    | Entered a sewer
  4253 | Sewer    | Noticed Purgy
  4264 | Sewer    | Killed Purgy
  4440 | D:5      | Found a one-way gate to the infinite horrors of the Abyss.
  4450 | D:5      | Found a corrupted altar of Lugonu.
  4759 | D:5      | Found an iron altar of Okawaru.
  4759 | D:5      | Found a faded altar of an unknown god.
  4765 | D:5      | Found a faded altar of an unknown god.
  4767 | D:5      | Found a blossoming altar of Fedhas.
  4768 | D:5      | Found a white marble altar of Elyvilon.
  4867 | D:6      | Found a staircase to the Ecumenical Temple.
  4874 | Temple   | Entered the Ecumenical Temple
  5320 | D:6      | Reached **** piety under Trog
  5376 | D:6      | Found a burning altar of Makhleb.
  5491 | D:6      | Reached XP level 9. HP: 56/56 MP: 9/9
  5710 | D:7      | Noticed a hornet
  5725 | D:7      | Killed a hornet
  5726 | D:7      | Reached skill level 5 in Dodging
  6322 | D:7      | Noticed a two-headed ogre
  6332 | D:7      | HP: 4/85 [two-headed ogre/+0 giant club (3)]
  6334 | D:7      | Mangled by a two-headed ogre

Illustrated notes

Levels and vault maps discovered:
D:1:      nicolae_arrival_somewhat_less_tricky_arrival, layout_loops_ring
D:2:      minmay_door_path, layout_basic, serial_park_tiny_2, uniq_natasha,
          uniq_sigmund
D:3:      layout_basic, kennysheep_generic_room_12
D:4:      layout_loops_ring, lemuel_zombie_altar_yredelemnul,
          nicolae_gozag_cash_rules_everything_around_me, tgw_sif,
          makhleb_blood_cavern_becter
D:5:      layout_rooms, chequers_temple_overflow_minitemple,
          portal_sewer_entry_f, amcnicky_altar_lugonu_corruption, uniq_menkaure
D:6:      layout_basic, minmay_temple_entry_grid, basic_altar,
          grunt_decor_mini_mirrors, chequers_serial_rivers_small_a,
          lemuel_old_faithful
D:7:      layout_loops_corners
Temple:   nicolae_temple_great_sept

Skill      XL: |  1  2  3  4  5  6  7  8  9 |
---------------+----------------------------+-----
Dodging        | 2 3 4 5 |  5.2
Fighting       | 4 5 6 7 |  7.4
Maces & Flails | 4 5 6 |  6.8
Armour         | 3 4 5 6 7 |  7.0

Action                   |  1- 3 |  4- 6 |  7- 9 || total
-------------------------+-------+-------+-------++-------
Melee: Mace              |    75 |   180 |    81 ||   336
       Flail             |       |       |   353 ||   353
Invok: Berserk           |     2 |     1 |     6 ||     9
       Trog's Hand       |       |       |     1 ||     1
  Use: Scroll            |       |       |    15 ||    15
 Stab: Sleeping          |       |       |     1 ||     1
Armor: Animal skin       |     3 |       |       ||     3
       Plate armour      |    54 |   147 |   187 ||   388
       Troll leather arm |       |       |   130 ||   130
Dodge: Dodged            |    39 |    54 |   296 ||   389
